 Dungeon Crawl Stone Soup version 0.27-a0-1312-g5cdb2b3542 (webtiles) character file.

Game seed: 1352766280856106481

1572 dickylongcocking the Skirmisher (level 9, -11/68 HPs)
             Began as a Djinni Gladiator on June 21, 2021.
             Was an Initiate of Makhleb.
             Mangled by a gargoyle (15 damage)
             ... on level 5 of the Dungeon.
             The game lasted 00:04:46 (7750 turns).

dickylongcocking the Skirmisher (Djinni Gladiator)  Turns: 7750, Time: 00:04:47

Health: -11/68     AC:  6    Str: 13    XL:     9   Next: 13%
Gold:   325        EV: 13    Int: 10    God:    Makhleb [......] SH:  0 Dex: 18

rFire    + + .     SeeInvis .   j - +2 short sword (venom)
rCold    x . .     Faith    .   (no shield)
rNeg     . . .     Spirit   .   b - +0 leather armour
rPois    ∞         Reflect  .   d - +2 hat
rElec    .         Harm     .   q - +0 cloak
rCorr    .         Rampage  .   (no gloves)
Will     .....                  (boots unavailable)
Stlth    +.........             (no amulet)
HPRegen  0.21/turn              (no ring)
MPRegen  0.00/turn              (no ring)

@: mighty, flying
A: sickness immunity, fire resistance 2, cold vulnerability 1, float, innate
caster, hp casting, extra vitality 1
a: Renounce Religion


You were on level 5 of the Dungeon.
You worshipped Makhleb.
Makhleb was noncommittal.
You visited 2 branches of the dungeon, and saw 7 of its levels.

You collected 325 gold pieces.

Inventory:

Hand Weapons
 a - a +0 long sword
 j - a +2 short sword of venom (weapon)
Armour
 b - a +0 leather armour (worn)
 c - a +0 helmet
 d - a +2 hat (worn)
 q - a +0 cloak (worn)
Wands
 m - a wand of paralysis (2)
Scrolls
 e - a scroll of noise {unknown}
 f - 2 scrolls of magic mapping {unknown}
 h - 3 scrolls of teleportation {unknown}
 k - a scroll of fear {unknown}
 o - a scroll of enchant weapon {unknown}
Potions
 g - a potion of cancellation {unknown}
 i - 4 potions of curing {unknown}
 l - 2 potions of magic
 p - a potion of flight {unknown}


   Skills:
 * Level 7.0 Fighting
 * Level 6.0(6.7) Short Blades
 - Level 4.6(6.0) Long Blades
 - Level 1.5 Throwing
 - Level 3.2 Dodging
 - Level 2.0 Spellcasting


You had 3 spell levels left.
You knew the following spells:

 Your Spells              Type           Power      Damage    Failure   Level
a - Summon Small Mammal   Summ           20%        N/A       17%         1
b - Corpse Rot            Necr/Air       N/A        N/A       26%         2
c - Teleport Other        Tloc           5%         N/A       45%         3
d - Call Canine Familiar  Summ           5%         N/A       45%         3
Your spell library was empty.

Dungeon Overview and Level Annotations

Branches:
Dungeon (6/15)             Temple (1/1) D:6

Altars:
Ashenzari
Cheibriados
Dithmenos
Elyvilon
Fedhas
Gozag
Hepliaklqana
Kikubaaqudgha
Makhleb
Nemelex Xobeh
Okawaru
Qazlal
Ru
Sif Muna
Trog
Uskayaw
Vehumet
Wu Jian
Xom
Yredelemnul
Zin
The Shining One


Innate Abilities, Weirdness & Mutations

You are immune to sickness and miasma.
You are immune to poison.
Your flesh is very heat resistant. (rF++)
You are vulnerable to cold. (rC-)
You float through the air rather than walking.
You learn spells naturally, not from books.
Your magical power is your life essence.
You have superior vitality. (+4 HP)


Message History

Demosthentine's ghost is severely damaged.
Unknown command.
You puncture Demosthentine's ghost!
Demosthentine's ghost is severely damaged.
Demosthentine's ghost hits you but does no damage.
Unknown command.
You hit Demosthentine's ghost.
Demosthentine's ghost is almost destroyed.
Demosthentine's ghost hits you.
Unknown command.
You barely miss Demosthentine's ghost.
Demosthentine's ghost is almost destroyed.
Demosthentine's ghost hits you.
Unknown command.
You puncture Demosthentine's ghost!
Demosthentine's ghost is almost destroyed.
Demosthentine's ghost completely misses you.
Unknown command.
You hit Demosthentine's ghost.
You destroy Demosthentine's ghost!
Makhleb accepts your kill.
Your Fighting skill increases to level 7!
Your Short Blades skill increases to level 6!
You have reached level 9!
Your experience leads to an increase in your attributes!
Increase (S)trength, (I)ntelligence, or (D)exterity?
You feel agile.
The power to cast Call Canine Familiar wells up from within.
Spell assigned to 'd'.
Unknown command.
You barely miss the gargoyle. The gargoyle hits you with a +0 flail!!
* * * LOW HITPOINT WARNING * * *
You barely miss the gargoyle. The gargoyle hits you with a +0 flail!
* * * LOW HITPOINT WARNING * * *
You hit the gargoyle but do no damage.
Unknown command.
You puncture the gargoyle!
The gargoyle is moderately damaged.
The gargoyle hits you with a +0 flail!
You die...

#........#.......#
####.###....#..####.#
...#.###....#..####.#
#.#.....[[........#.#
#.#..####[....###.#.#
#.#..# #.).........#
.....# #)#######§###
#....####.### ##§§#
.....#......# #§@§#
#....#.##.#.# ##9##
...###....#.###§§§#
#.....#####.#.#§§§#
#.###.#####.#.# #.#
#.......#.#
#.###########.#
#.............#
###############


You could see a gargoyle.

Vanquished Creatures
  The ghost of Demosthentine the Poker, a novice MfGl (D:5)
  Sigmund (D:5)
  An ice beast (D:6)
  A black bear (D:2)
  A necrophage (D:4)
  An ogre (D:4)
  A centaur (D:6)
  A phantom (D:5)
  Blork the orc (D:4)
  A scorpion (D:5)
  2 hounds (D:4)
  2 jellies (D:5)
  2 orc priests
  2 orc wizards
  A scorpion zombie (D:5)
  2 iguanas
  7 adders
  An ufetubus (D:5)
  3 worms
  12 orcs
  5 ball pythons
  6 bats
  6 endoplasms
  5 giant cockroaches
  4 goblins
  9 hobgoblins
  4 jackals (D:2)
  14 kobolds
  8 quokkas
  3 frilled lizards
  2 rats
110 creatures vanquished.

Notes
Turn   | Place    | Note
-------+----------+-------------------------------------------
     0 | D:1      | dickylongcocking the Djinni Gladiator began the quest for
                  | the Orb.
     0 | D:1      | Reached XP level 1. HP: 18/18 MP: 0/0
   117 | D:1      | Reached XP level 2. HP: 21/23 MP: 0/0
   561 | D:1      | Found a faded altar of an unknown god.
   620 | D:1      | Reached XP level 3. HP: 16/28 MP: 0/0
   620 | D:1      | Learned a level 1 spell: Summon Small Mammal
  1331 | D:2      | Reached XP level 4. HP: 12/33 MP: 0/0
  1639 | D:2      | Reached XP level 5. HP: 29/38 MP: 0/0
  1639 | D:2      | Learned a level 2 spell: Corpse Rot
  1933 | D:2      | Noticed a black bear
  1946 | D:2      | Killed a black bear
  1947 | D:2      | Reached skill level 1 in Short Blades
  1947 | D:2      | Reached skill level 1 in Spellcasting
  1947 | D:2      | Reached XP level 6. HP: 39/45 MP: 0/0
  2730 | D:2      | Reached skill level 3 in Fighting
  3783 | D:4      | Noticed a necrophage
  3804 | D:4      | Killed a necrophage
  3805 | D:4      | Reached XP level 7. HP: 27/51 MP: 0/0
  3805 | D:4      | Learned a level 3 spell: Teleport Other
  4129 | D:4      | Noticed Blork the orc
  4143 | D:4      | Killed Blork the orc
  4144 | D:4      | Reached skill level 4 in Fighting
  4788 | D:4      | Found a burning altar of Makhleb.
  4963 | D:5      | Entered Level 5 of the Dungeon
  5133 | D:5      | Found a runed translucent door.
  5134 | D:5      | Noticed Demosthentine's ghost (novice MfGl)
  5134 | D:5      | Noticed a gargoyle
  5148 | D:5      | Noticed Sigmund
  5162 | D:5      | Killed Sigmund
  5163 | D:5      | Reached skill level 5 in Fighting
  5163 | D:5      | Reached XP level 8. HP: 27/59 MP: 0/0
  6749 | D:5      | Reached skill level 6 in Fighting
  6749 | D:5      | Reached skill level 5 in Short Blades
  7150 | D:6      | Found a staircase to the Ecumenical Temple.
  7164 | Temple   | Entered the Ecumenical Temple
  7658 | D:4      | Became a worshipper of Makhleb the Destroyer
  7746 | D:5      | Killed Demosthentine's ghost
  7747 | D:5      | Reached skill level 7 in Fighting
  7747 | D:5      | Reached XP level 9. HP: 34/68 MP: 0/0
  7747 | D:5      | Learned a level 3 spell: Call Canine Familiar
  7750 | D:5      | Mangled by a gargoyle

Illustrated notes

Levels and vault maps discovered:
D:1:      kennysheep_arrival_seaside, layout_rooms,
          shapermc_ecumenical_altar_mp_highgroup, hangedman_decor_peaks_small,
          serial_bayou_pond_d
D:2:      layout_rooms, kennysheep_generic_room_9
D:3:      layout_rooms
D:4:      cheibrodos_quashed, layout_gridville, nicolae_overflow_hidden_temple,
          kennysheep_small_circle, uniq_blork_the_orc
D:5:      layout_basic, ebering_ghost_inner_flame, uniq_sigmund
D:6:      layout_loops_ring, temple_statues, amcnicky_mini_corridor_feature,
          grunt_ministairs_15, kennysheep_potato, uniq_menkaure, uniq_edmund
Temple:   compressed_dpeg_triangle_lava_temple

Skill      XL: |  1  2  3  4  5  6  7  8 |
---------------+-------------------------+-----
Long Blades    | 3 4 |  4.6
Short Blades   | 1 2 4 6 |  6.0
Spellcasting   | 1 2 |  2.0
Fighting       | 3 5 7 |  7.0
Throwing       | |  1.5
Dodging        | |  3.2

Action                   |  1- 3 |  4- 6 |  7- 9 || total
-------------------------+-------+-------+-------++-------
Melee: Long sword        |    95 |    22 |       ||   117
       Short sword       |       |   137 |   169 ||   306
Throw: Throwing net      |       |     2 |     1 ||     3
 Cast: Summon Small Mamm |       |     2 |     1 ||     3
  Use: Potion            |       |       |     2 ||     2
 Stab: Held in net/web   |       |     2 |       ||     2
Armor: Leather armour    |    41 |    39 |    33 ||   113
Dodge: Dodged            |   111 |   126 |    81 ||   318
       Rpst.: Long sword |    39 |     6 |       ||    45

Table legend: (Time is in decaauts)
 A = Elapsed time spent in this place.
 B = Non-inter-level travel time spent in this place.
 C = Inter-level travel time spent in this place.
 D = Time resting spent in this place.
 E = Time spent auto-exploring this place.
 F = Levels seen in this place.
 G = Mean time per level.
                   A        B        C        D        E       F      G
               +--------+--------+--------+--------+--------+-----+--------+
         Total |   7746 |   7358 |    388 |   1107 |   5284 |   7 | 1106.6 |
       Dungeon |   7397 |   7021 |    376 |   1107 |   4995 |   6 | 1232.8 |
        Temple |    348 |    336 |     12 |      0 |    289 |   1 |  348.0 |
               +--------+--------+--------+--------+--------+-----+--------+

Top non-repeatable levels by time:
     D:5: 2095 daAuts
     D:2: 1922 daAuts
     D:4: 1452 daAuts
     D:1: 1005 daAuts
     D:3: 701 daAuts
  Temple: 348 daAuts
     D:6: 221 daAuts
